 Dungeon Crawl Stone Soup version 0.27-a0-760-gc38aae387d (webtiles) character file.

Game seed: 9640412312116167735

681 kae the Chopper (level 7, -3/61 HPs)
             Began as a Hill Orc Fighter on Mar 23, 2021.
             Was an Initiate of Qazlal.
             Succumbed to a scorpion's poison
             ... on level 7 of the Dungeon on Mar 25, 2021.
             The game lasted 00:02:26 (4819 turns).

kae the Chopper (Hill Orc Fighter)                  Turns: 4819, Time: 00:02:27

Health: -3/61      AC:  8    Str: 21    XL:     7   Next: 61%
Magic:  9/9        EV:  7    Int:  8    God:    Qazlal [......]
Gold:   199        SH:  9    Dex: 10    Spells: 6/6 levels left

rFire    . . .     SeeInvis .   a - +1 war axe
rCold    . . .     Faith    .   c - +0 kite shield
rNeg     . . .     Spirit   .   b - +1 scale mail
rPois    .         Reflect  .   (no helmet)
rElec    .         Harm     .   (no cloak)
rCorr    .         Rampage  .   (no gloves)
Will     .....                  (no boots)
Stlth    ..........             (no amulet)
HPRegen  0.20/turn              (no ring)
MPRegen  0.11/turn              (no ring)

@: mighty, lethally poisoned (-3 -> -18)
A: no striking features
a: Renounce Religion


You were on level 7 of the Dungeon.
You worshipped Qazlal.
Qazlal was noncommittal.
You visited 2 branches of the dungeon, and saw 7 of its levels.

You collected 199 gold pieces.

Inventory:

Hand Weapons
 a - a +1 war axe (weapon)
Armour
 b - a +1 scale mail (worn)
 c - a +0 kite shield (worn)
Wands
 h - a wand of digging (6)
Scrolls
 f - 3 scrolls of identify
 j - 2 scrolls of amnesia
Potions
 e - a potion of curing


   Skills:
 + Level 5.6 Fighting
 * Level 7.2 Axes
 + Level 5.1 Armour
 - Level 4.0 Shields
 * Level 3.3 Invocations
 - Level 0.1 Evocations


You had 6 spell levels left.
You didn't know any spells.
Your spell library contained the following spells:

 Spells                   Type           Power      Damage    Failure   Level
 Summon Small Mammal      Summ           0%         N/A       99%         1
 Call Imp                 Summ           0%         N/A       100%        2
 Call Canine Familiar     Summ           0%         N/A       100%        3
 Summon Guardian Golem    Hex/Summ       0%         N/A       100%        3
 Summon Ice Beast         Ice/Summ       0%         N/A       100%        4
 Summon Lightning Spire   Summ/Air       0%         N/A       100%        4
 Irradiate                Conj/Tmut      0%         3d14      100%        5
 Hydra Form               Tmut           0%         N/A       100%        6
 Statue Form              Tmut/Erth      0%         N/A       100%        6
 Dragon Form              Tmut           0%         N/A       100%        7


Dungeon Overview and Level Annotations

Branches:
Dungeon (5/15)             Temple (1/1) D:4

Altars:
Ashenzari
Cheibriados
Dithmenos
Elyvilon
Fedhas
Gozag
Hepliaklqana
Kikubaaqudgha
Makhleb
Qazlal
Ru
Vehumet
Wu Jian
Yredelemnul
Zin

Annotations:
D:3 2 transporters, Menkaure


Message History

The gnoll shouts!
The gnoll moves out of view.
A gnoll shaman comes into view. It is wielding a +0 whip.
The gnoll shaman shouts!
The gnoll shaman moves out of view.
The gnoll hits you with a +0 flail.
A scorpion comes into view.
You block the gnoll's attack.
You barely miss the gnoll. You slash the gnoll!
The gnoll completely misses you. The gnoll hits you with a +0 flail!
* * * LOW HITPOINT WARNING * * *
You block the gnoll shaman's attack.
You slash the gnoll!
The gnoll is almost dead.
You hit the gnoll. You slash the gnoll shaman! You block the gnoll's attack.
The gnoll barely misses you.
The gnoll shaman hits you with a +0 whip.
* * * LOW HITPOINT WARNING * * *
The gnoll hits you with a +1 flail of protection.
* * * LOW HITPOINT WARNING * * *
You closely miss the gnoll shaman.
The gnoll shaman is moderately wounded.
You slice the gnoll!!
You kill the gnoll!
Qazlal accepts your kill.
You hit the gnoll.
You kill the gnoll!
Qazlal accepts your kill. You block the gnoll shaman's attack. x2
You slash the gnoll shaman!
You kill the gnoll shaman!
Qazlal accepts your kill.
You closely miss the scorpion. The scorpion stings you.
* * * LOW HITPOINT WARNING * * *
You are lethally poisoned!
The scorpion poisons you!
You slash the scorpion!
You kill the scorpion!
Qazlal accepts your kill.
You die...

... ...# #. ...
#..##.. .. #..
#.....#... ##..
#...#.#..# ##...
#..##....##
..#....###....(##..##
.......#............##
#.)@...)...#.....#
###))..))).#....##
#.....)........#
#.........#...##
#.!..>.....##..#..#
....#.....##.......#
.######.!.......#..##
#.....#....#.##
).....##...#. #


There were no monsters in sight!

Vanquished Creatures
  An ice beast (D:5)
  A black bear (D:3)
  A bullfrog (D:2)
  A wyvern skeleton (D:5)
  A scorpion (D:7)
  A bullfrog skeleton (D:4)
  An orc priest (D:4)
  2 gnoll shamans (D:7)
  An iguana (D:4)
  An orc wizard (D:4)
  A worker ant (D:4)
  A hound skeleton (D:4)
  6 gnolls (D:7)
  6 adders
  An adder skeleton (D:4)
  2 worms (D:2)
  2 dart slugs
  7 orcs
  8 endoplasms
  2 giant cockroaches
  4 goblins
  3 hobgoblins (D:1)
  A jackal (D:4)
  5 quokkas
  4 ball pythons
  6 bats
  3 frilled lizards (D:2)
  4 kobolds
  A quokka skeleton (D:4)
  4 rats
82 creatures vanquished.

Notes
Turn   | Place    | Note
-------+----------+-------------------------------------------
     0 | D:1      | kae the Hill Orc Fighter began the quest for the Orb.
     0 | D:1      | Reached XP level 1. HP: 19/19 MP: 1/1
    99 | D:1      | Reached skill level 3 in Axes
   209 | D:1      | Reached XP level 2. HP: 25/27 MP: 2/2
   582 | D:2      | Reached XP level 3. HP: 25/33 MP: 3/3
   727 | D:2      | Found a sacrificial altar of Ru.
   839 | D:2      | Noticed a bullfrog
   851 | D:2      | Killed a bullfrog
   852 | D:2      | Reached skill level 4 in Axes
   852 | D:2      | Reached XP level 4. HP: 9/40 MP: 4/4
  1555 | D:2      | Reached XP level 5. HP: 47/47 MP: 5/5
  1707 | D:3      | Noticed a black bear
  1721 | D:3      | Killed a black bear
  1722 | D:3      | Reached skill level 5 in Axes
  1883 | D:3      | Found a faded altar of an unknown god.
  1988 | D:3      | Found a transporter.
  1989 | D:3      | Found an ancient bone altar of Kikubaaqudgha.
  1991 | D:3      | Found a transporter.
  2015 | D:3      | Found a basalt altar of Yredelemnul.
  2016 | D:3      | Found the +3 warlock's mirror {reflect}
  2035 | D:3      | Found a white marble altar of Elyvilon.
  2390 | D:3      | Found a radiant altar of Vehumet.
  2508 | D:3      | Reached XP level 6. HP: 50/55 MP: 6/6
  2571 | D:3      | Noticed Menkaure
  3099 | D:4      | Reached skill level 5 in Fighting
  3215 | D:4      | Reached skill level 6 in Axes
  3520 | D:4      | Found a staircase to the Ecumenical Temple.
  3526 | Temple   | Entered the Ecumenical Temple
  3765 | Temple   | Became a worshipper of Qazlal Stormbringer
  3956 | D:4      | Found an opulent altar of Gozag.
  4011 | D:4      | Reached skill level 1 in Invocations
  4397 | D:4      | Upgraded the game from 0.27-a0-732-ga892ba84f6 to
                  | 0.27-a0-760-gc38aae387d
  4454 | D:5      | Entered Level 5 of the Dungeon
  4464 | D:5      | Noticed an ice beast
  4479 | D:5      | Killed an ice beast
  4480 | D:5      | Reached XP level 7. HP: 22/61 MP: 8/8
  4585 | D:5      | Reached skill level 5 in Armour
  4788 | D:5      | You fall into a shaft and drop 2 floors!
  4802 | D:7      | Reached skill level 7 in Axes
  4819 | D:7      | Succumbed to a scorpion's poison

Illustrated notes

Levels and vault maps discovered:
D:1:      dpeg_arrival_another_circle, layout_basic
D:2:      layout_basic, nicolae_ru_sacrificial_ziggurat
D:3:      layout_basic, gammafunk_temple_of_torment, overflow_temple_1_default,
          lemuel_coloured_pillars_altar, chequers_ecumenical_altar_simple
D:4:      minmay_recursive_quarters, layout_loops_corners,
          grunt_gozag_breadcrumbs, minmay_temple_entry_proselytizer
D:5:      layout_loops_cross, lightli_temple_of_fire
D:7:      layout_cave_pools, nemelex_xobeh_ov_fountains_minmay, st_stairs_1,
          uniq_menkaure, uniq_joseph, uniq_pikel
Temple:   compressed_dpeg_triangle_lava_temple

Skill      XL: |  1  2  3  4  5  6  7 |
---------------+----------------------+-----
Axes           | 3 4 5 6 7 |  7.2
Fighting       | 4 5 |  5.6
Shields        | 4 |  4.0
Armour         | 4 5 |  5.1
Invocations    | 2 3 |  3.3
Evocations     | |  0.1

Action                   |  1- 3 |  4- 6 |  7- 9 || total
-------------------------+-------+-------+-------++-------
Melee: War axe           |    56 |   163 |    29 ||   248
  Use: Scroll            |     2 |     6 |       ||     8
       Potion            |       |     3 |     1 ||     4
Armor: Scale mail        |    22 |    91 |    12 ||   125
Dodge: Dodged            |    10 |    47 |    12 ||    69
Block: Kite shield       |    39 |    86 |    23 ||   148

Table legend: (Time is in decaauts)
 A = Elapsed time spent in this place.
 B = Non-inter-level travel time spent in this place.
 C = Inter-level travel time spent in this place.
 D = Time resting spent in this place.
 E = Time spent auto-exploring this place.
 F = Levels seen in this place.
 G = Mean time per level.
                   A        B        C        D        E       F      G
               +--------+--------+--------+--------+--------+-----+--------+
         Total |   4933 |   4805 |    128 |    627 |   3569 |   7 |  704.7 |
       Dungeon |   4679 |   4565 |    114 |    627 |   3342 |   6 |  779.8 |
        Temple |    254 |    240 |     14 |      0 |    227 |   1 |  254.0 |
               +--------+--------+--------+--------+--------+-----+--------+

Top non-repeatable levels by time:
     D:4: 1350 daAuts
     D:2: 1238 daAuts
     D:3: 1191 daAuts
     D:1: 518 daAuts
     D:5: 343 daAuts
  Temple: 254 daAuts
     D:7: 36 daAuts
